Devils vs Bears

Created - Tuesday, January 27, 2015 at 23:51

Goals
1 2 3 OT1 SO T
Devils 0 1 0 0 0 1
Bears 0 1 0 0 1 2
Shots
1 2 3 OT1 SO T
Devils 5 8 9 0 3 22
Bears 8 13 5 3 2 29

1st period

No Goal

Penalties :
Gabriel Beaupre (LOW) for Holding (Minor) at 7:08

2nd period

1. Bears , David Dziurzynski 8 (Tyler Brown) at 1:29
2. Devils , Matthew Ford 8 (Darren Archibald, Pascal Pelletier) at 17:33

Penalties :
Brad Mills (Her) for Fighting (Major) at 2:22, Matt Carkner (LOW) for Fighting (Major) at 2:22, Matt Carkner (LOW) for instigated a fight (Minor) at 2:22, Matt Carkner (LOW) for instigated a fight (10 Minutes Misconduct) at 2:22, Guy Leboeuf (Her) for Fighting (Major) at 5:24, Jordan Martinook (LOW) for Fighting (Major) at 5:24, Jordan Martinook (LOW) for instigated a fight (Minor) at 5:24, Jordan Martinook (LOW) for instigated a fight (10 Minutes Misconduct) at 5:24, Harry Young (Her) for Holding (Minor) at 6:16

3rd period

No Goal

Penalties :
No Penalty

Overtime #1

No Goal

Penalties :
No Penalty

Shootout

Penalty Shot by Sean Collins for Devils - Shot Misses the Net
Penalty Shot by David Dziurzynski for Bears - Stopped by Devan Dubnyk
Penalty Shot by Darren Archibald for Devils - Stopped by John Gibson
Penalty Shot by Stefan Matteau for Bears - Goal!
Penalty Shot by Brendan Shinnimin for Devils - Stopped by John Gibson

Penalties :
No Penalty

Goalie Stats

Devan Dubnyk (LOW), 28 saves from 29 shots - (0.966), OTL, 19-12-21, 65:00 minutes
John Gibson (Her), 21 saves from 22 shots - (0.955), W, 13-3-9, 65:00 minutes

Players Stats for Devils

Player Name              G  A  P  +/- PIM S  H  SB GA TA FO     MP     PP MP  PK MP  
------------------------------------------------------------------------------------
Braden Lamb              0  0  0   0  0   1  0  0  0  0  0/0     3:03   0:00   0:00 
Brendan Shinnimin        0  0  0  -1  0   1  2  1  2  0  5/10   21:49   0:22   1:51 
Chris Wideman            0  0  0  -1  0   0  3  2  1  5  0/0    29:05   0:49   2:22 
Colin Miller             0  0  0   0  0   0  4  1  0  0  0/0    28:48   0:49   2:22 
Darren Archibald         0  1  1   1  0   2  2  0  2  0  0/2    19:14   0:27   0:03 
Darroll Powe             0  0  0   0  0   0  1  0  1  1  2/7    21:11   0:30   0:10 
Gabriel Beaupre          0  0  0   1  2   0  0  0  0  2  0/0    23:05   0:03   1:02 
Jordan Martinook         0  0  0  -1  17  2  1  1  2  0  0/2    18:17   0:00   2:14 
Matt Carkner             0  0  0   0  17  4  4  2  1  0  0/0    17:47   0:00   1:26 
Matthew Ford             1  0  1   1  0   1  1  0  0  2  0/0    14:36   0:05   0:00 
Pascal Pelletier         0  1  1   0  0   5  2  1  0  1  0/1    20:18   0:47   1:17 
Scooter Vaughan          0  0  0   0  0   1  0  0  2  1  0/0    26:36   0:03   2:28 
Sean Collins             0  0  0   0  0   1  4  0  1  1  2/8    25:09   0:25   2:45 
Sergey Andronov          0  0  0   0  0   0  0  1  0  0  0/0    12:04   0:00   0:53 
Theo Peckham             0  0  0   0  0   0  0  0  0  0  0/1     5:07   0:00   0:00 
Yanni Gourde             0  0  0   0  0   2  0  0  0  0  0/0     3:36   0:00   0:00 
Zach Budish              0  0  0   0  0   0  0  0  0  0  0/0     4:46   0:00   0:00 
Zach O'Brien             0  0  0   0  0   2  1  1  2  1  5/10   19:26   0:00   0:27 

Players Stats for Bears

Player Name              G  A  P  +/- PIM S  H  SB GA TA FO     MP     PP MP  PK MP  
------------------------------------------------------------------------------------
Ben Youds                0  0  0   0  0   2  2  0  1  2  0/0    23:19   1:49   0:00 
Brad Mills               0  0  0   0  5   2  1  0  3  0  0/0    16:33   0:46   0:00 
Brandon Burlon           0  0  0  -1  0   3  3  4  4  0  0/0    27:30   1:49   0:52 
David Dziurzynski        1  0  1   1  0   2  2  1  3  1  0/0    18:59   0:00   0:18 
David McIntyre           0  0  0   0  0   0  0  0  0  0  0/0     0:03   0:00   0:00 
Eric O'Dell              0  0  0  -1  0   3  3  1  5  0  4/10   21:26   3:08   0:00 
Guy Leboeuf              0  0  0   1  5   1  0  0  1  0  0/0    23:32   0:00   0:00 
Harry Young              0  0  0  -1  2   0  0  2  0  0  0/0    13:59   0:51   0:00 
Kevin Henderson          0  0  0  -1  0   2  3  1  4  3  2/3    19:56   1:23   0:00 
Mark Cundari             0  0  0   0  0   2  0  2  1  1  0/0    29:32   3:01   0:52 
Maxime Macenauer         0  0  0   0  0   1  3  0  3  0  6/9    16:44   1:42   0:00 
Patrice Cormier          0  0  0   0  0   3  1  1  2  0  8/8    24:35   2:41   0:00 
Sebastian Stalberg       0  0  0  -1  0   0  1  0  2  0  0/0    12:52   0:00   0:00 
Shawn O'Donnell          0  0  0   0  0   0  0  0  0  0  0/0     0:28   0:00   0:00 
Stefan Matteau           0  0  0   1  0   2  2  0  2  1  0/0    23:34   1:42   0:34 
Tyler Brown              0  1  1   1  0   6  3  0  0  1  6/9    14:19   0:00   0:00 
Tyler Shattock           0  0  0   0  0   0  4  1  2  0  1/2    20:06   3:08   0:52 
Zachery Davies           0  0  0   1  0   0  1  1  0  0  0/0    10:28   2:09   0:00 

3 Stars

1 - Devan Dubnyk (LOW)
2 - John Gibson (Her)
3 - David Dziurzynski (Her)

Power Play

Devils - 0 on 1 Attempt(s) - 0.00%
Bears - 0 on 3 Attempt(s) - 0.00%

Penalty Kill

Devils - 3 on 3 Attempt(s) - 100.00% - Score 0 goal in Penalty Kill
Bears - 1 on 1 Attempt(s) - 100.00% - Score 0 goal in Penalty Kill

Team Stat

Devils - Hits : 25 - Faceoff Wins : 14 - Blocked Shots : 10 - Penalty Minutes : 36
Bears - Hits : 29 - Faceoff Wins : 27 - Blocked Shots : 14 - Penalty Minutes : 12

Official

Referees : Unknown
Linesman : Unknown

Game Notes

Brad Mills and Matt Carkner fight to a draw at 2:22 of 2nd period
Zachery Davies is injured at 5:01 of 2nd period (Right Ankle)
Guy Leboeuf and Jordan Martinook fight to a draw at 5:24 of 2nd period

Finance

Level 1 -- Attendance: 1414 (70.70%) -- Ticket Income $49,490
Level 2 -- Attendance: 804 (80.40%) -- Ticket Income $12,060
Total Attendance: 2218 (73.93%)
Total Ticket Income: $61,550
Other Income: $30,160
Total Income: $91,710

Devils

5 vs 5 Forward 
   Center                   Left Wing                Right Wing               Time % Phy DF OF 
 1 Zach O'Brien             Darroll Powe             Sean Collins             35     1   2  2  
 2 Brendan Shinnimin        Pascal Pelletier         Jordan Martinook         30     1   2  2  
 3 Brendan Shinnimin        Jordan Martinook         Sean Collins             22     1   2  2  
 4 Brendan Shinnimin        Darren Archibald         Sean Collins             13     1   2  2  

5 vs 5 Defense 
   Defense                  Defense                                           Time % Phy DF OF 
 1 Colin Miller             Chris Wideman                                     35     1   2  2  
 2 Matt Carkner             Scooter Vaughan                                   30     1   2  2  
 3 Gabriel Beaupre          Matt Carkner                                      22     1   2  2  
 4 Colin Miller             Chris Wideman                                     13     1   2  2  

PowerPlay Forward 
   Center                   Left Wing                Right Wing               Time % Phy DF OF 
 1 Jordan Martinook         Darroll Powe             Sean Collins             60     1   2  2  
 2 Brendan Shinnimin        Pascal Pelletier         Darren Archibald         40     1   2  2  

PowerPlay Defense
   Defense                  Defense                                           Time % Phy DF OF 
 1 Colin Miller             Chris Wideman                                     60     1   2  2  
 2 Gabriel Beaupre          Scooter Vaughan                                   40     1   2  2  

Penalty Kill 4 Players Forward 
   Center                   Wing                     Time % Phy DF OF 
 1 Sean Collins             Jordan Martinook         60     1   2  2  
 2 Brendan Shinnimin        Pascal Pelletier         40     1   2  2  

Penalty Kill 4 Players Defense
   Defense                  Defense                  Time % Phy DF OF 
 1 Colin Miller             Chris Wideman            60     1   2  2  
 2 Gabriel Beaupre          Scooter Vaughan          40     1   2  2  

Penalty Kill - 3 Players Forward 
   Forward                                           Time % Phy DF OF 
 1 Brendan Shinnimin                                 60     1   2  2  
 2 Sean Collins                                      40     1   2  2  

Penalty Kill - 3 Players Defense
   Defense                  Defense                  Time % Phy DF OF 
 1 Colin Miller             Chris Wideman            60     1   2  2  
 2 Gabriel Beaupre          Scooter Vaughan          40     1   2  2  

4 vs 4 Forward 
   Center                   Wing                     Time % Phy DF OF 
 1 Sean Collins             Jordan Martinook         60     1   2  2  
 2 Brendan Shinnimin        Pascal Pelletier         40     1   2  2  

4 vs 4 Defense
   Defense                  Defense                  Time % Phy DF OF 
 1 Colin Miller             Chris Wideman            60     1   2  2  
 2 Gabriel Beaupre          Scooter Vaughan          40     1   2  2  

Last Minutes Offensive
   Center                   Left Wing                Right Wing               Defense                  Defense                  
   Pascal Pelletier         Darroll Powe             Sean Collins             Colin Miller             Chris Wideman            

Last Minutes Defensive
   Center                   Left Wing                Right Wing               Defense                  Defense                  
   Pascal Pelletier         Darroll Powe             Sean Collins             Colin Miller             Chris Wideman            

Goaltenders
Starting : Devan Dubnyk             
Backup : Robert Mayer             

Extra Forwards
Normal : Jordan Martinook, Darren Archibald, Sean Collins - PP : Jordan Martinook, Darren Archibald - PK : Brendan Shinnimin
Extra Defensemen
Normal : Gabriel Beaupre, Colin Miller, Chris Wideman - PP : Gabriel Beaupre - PK : Chris Wideman, Colin Miller
Penalty Shots
Sean Collins, Darren Archibald, Brendan Shinnimin, Pascal Pelletier, Jordan Martinook

Bears

5 vs 5 Forward 
   Center                   Left Wing                Right Wing               Time % Phy DF OF 
 1 Eric O'Dell              Patrice Cormier          Tyler Shattock           35     1   2  2  
 2 Maxime Macenauer         Stefan Matteau           Brad Mills               30     1   2  2  
 3 Patrice Cormier          Kevin Henderson          Sebastian Stalberg       22     1   2  2  
 4 Tyler Brown              David Dziurzynski        Stefan Matteau           13     1   2  2  

5 vs 5 Defense 
   Defense                  Defense                                           Time % Phy DF OF 
 1 Zachery Davies           Mark Cundari                                      35     1   2  2  
 2 Brandon Burlon           Ben Youds                                         30     1   2  2  
 3 Guy Leboeuf              Zachery Davies                                    22     1   2  2  
 4 Brandon Burlon           Mark Cundari                                      13     1   2  2  

PowerPlay Forward 
   Center                   Left Wing                Right Wing               Time % Phy DF OF 
 1 Eric O'Dell              Patrice Cormier          Tyler Shattock           60     1   2  2  
 2 Maxime Macenauer         Stefan Matteau           Brad Mills               40     1   2  2  

PowerPlay Defense
   Defense                  Defense                                           Time % Phy DF OF 
 1 Zachery Davies           Mark Cundari                                      60     1   2  2  
 2 Brandon Burlon           Ben Youds                                         40     1   2  2  

Penalty Kill 4 Players Forward 
   Center                   Wing                     Time % Phy DF OF 
 1 Tyler Shattock           Stefan Matteau           60     1   2  2  
 2 Eric O'Dell              Maxime Macenauer         40     1   2  2  

Penalty Kill 4 Players Defense
   Defense                  Defense                  Time % Phy DF OF 
 1 Guy Leboeuf              Mark Cundari             60     1   2  2  
 2 Brandon Burlon           Ben Youds                40     1   2  2  

Penalty Kill - 3 Players Forward 
   Forward                                           Time % Phy DF OF 
 1 Eric O'Dell                                       60     1   2  2  
 2 Stefan Matteau                                    40     1   2  2  

Penalty Kill - 3 Players Defense
   Defense                  Defense                  Time % Phy DF OF 
 1 Guy Leboeuf              Mark Cundari             60     1   2  2  
 2 Brandon Burlon           Ben Youds                40     1   2  2  

4 vs 4 Forward 
   Center                   Wing                     Time % Phy DF OF 
 1 Patrice Cormier          Stefan Matteau           60     1   2  2  
 2 Eric O'Dell              Maxime Macenauer         40     1   2  2  

4 vs 4 Defense
   Defense                  Defense                  Time % Phy DF OF 
 1 Zachery Davies           Mark Cundari             60     1   2  2  
 2 Brandon Burlon           Ben Youds                40     1   2  2  

Last Minutes Offensive
   Center                   Left Wing                Right Wing               Defense                  Defense                  
   Eric O'Dell              Stefan Matteau           Tyler Shattock           Brandon Burlon           Mark Cundari             

Last Minutes Defensive
   Center                   Left Wing                Right Wing               Defense                  Defense                  
   Eric O'Dell              Stefan Matteau           Tyler Shattock           Brandon Burlon           Mark Cundari             

Goaltenders
Starting : John Gibson              
Backup : John Muse                

Extra Forwards
Normal : Patrice Cormier, Kevin Henderson, David Dziurzynski - PP : Patrice Cormier, Kevin Henderson - PK : David Dziurzynski
Extra Defensemen
Normal : Guy Leboeuf, Zachery Davies, Brandon Burlon - PP : Guy Leboeuf - PK : Zachery Davies, Brandon Burlon
Penalty Shots
David Dziurzynski, Stefan Matteau, Eric O'Dell, Maxime Macenauer, Patrice Cormier

% Time on Ice - Devils

Lines # - Real PCT - Wanted PCT - Time Play
Normal Forward
1 - 33% - 35% - 17:27
2 - 35% - 30% - 18:48
3 - 19% - 22% - 10:15
4 - 13% - 13% - 6:41
Normal Defense
1 - 31% - 35% - 16:16
2 - 29% - 30% - 15:23
3 - 32% - 22% - 17:09
4 - 8% - 13% - 4:23
PP Forward
1 - 58% - 60% - 0:30
2 - 42% - 40% - 0:22
PP Defense
1 - 94% - 60% - 0:49
2 - 6% - 40% - 0:03
PK Forward
1 - 87% - 60% - 4:13
2 - 13% - 40% - 0:37
PK Defense
1 - 49% - 60% - 2:22
2 - 51% - 40% - 2:28
PK3 Forward
1 - 0% - 60%
2 - 0% - 40%
PK3 Defense
1 - 0% - 60%
2 - 0% - 40%
44 Forward
1 - 81% - 60% - 4:59
2 - 19% - 40% - 1:08
44 Defense
1 - 51% - 60% - 3:07
2 - 49% - 40% - 3:00
Last Minute Offensive  - 0:00
Last Minute Defensive  - 0:00
Total
Forward - 65:00
Defense - 65:00

% Time on Ice - Bears

Lines # - Real PCT - Wanted PCT - Time Play
Normal Forward
1 - 30% - 35% - 15:44
2 - 27% - 30% - 14:22
3 - 22% - 22% - 11:55
4 - 21% - 13% - 11:10
Normal Defense
1 - 43% - 35% - 23:00
2 - 25% - 30% - 13:31
3 - 25% - 22% - 13:06
4 - 7% - 13% - 3:34
PP Forward
1 - 65% - 60% - 3:08
2 - 35% - 40% - 1:42
PP Defense
1 - 62% - 60% - 3:01
2 - 38% - 40% - 1:49
PK Forward
1 - 100% - 60% - 0:52
2 - 0% - 40% - 0:00
PK Defense
1 - 100% - 60% - 0:52
2 - 0% - 40% - 0:00
PK3 Forward
1 - 0% - 60%
2 - 0% - 40%
PK3 Defense
1 - 0% - 60%
2 - 0% - 40%
44 Forward
1 - 89% - 60% - 5:27
2 - 11% - 40% - 0:40
44 Defense
1 - 63% - 60% - 3:52
2 - 37% - 40% - 2:15
Last Minute Offensive  - 0:00
Last Minute Defensive  - 0:00
Total
Forward - 65:00
Defense - 65:00

Play by Play

1st period


0:01 of 1st period - Eric O'Dell wins face-off versus Zach O'Brien in neutral zone.
1:12 of 1st period - Maxime Macenauer is hit by Chris Wideman and loses puck.
1:56 of 1st period - Slapshot by Pascal Pelletier.
1:56 of 1st period - Stopped by John Gibson with a rebound.
2:56 of 1st period - Brendan Shinnimin is hit by Tyler Shattock and loses puck.
3:36 of 1st period - Icing by Ben Youds.
3:37 of 1st period - Maxime Macenauer wins face-off versus Darroll Powe in Bears zone.
3:50 of 1st period - Wrist shot by Eric O'Dell.
3:50 of 1st period - Shot Misses the Net.
3:52 of 1st period - Slapshot by Mark Cundari.
3:52 of 1st period - Stopped by Devan Dubnyk with a rebound.
4:15 of 1st period - Wrist shot by Tyler Brown.
4:15 of 1st period - Stopped by Devan Dubnyk with a rebound.
4:22 of 1st period - Slapshot by Mark Cundari.
4:22 of 1st period - Shot Misses the Net.
5:20 of 1st period - Colin Miller is hit by Tyler Shattock and loses puck.
5:37 of 1st period - Snap shot by Zach O'Brien.
5:37 of 1st period - Stopped by John Gibson with a rebound.
5:43 of 1st period - Snap shot by Brad Mills.
5:43 of 1st period - Stopped by Devan Dubnyk with a rebound.
5:45 of 1st period - Wrist shot by Brad Mills.
5:45 of 1st period - Shot Misses the Net.
6:02 of 1st period - Off-side.
6:03 of 1st period - Brendan Shinnimin wins face-off versus Tyler Brown in neutral zone.
6:31 of 1st period - Guy Leboeuf is hit by Colin Miller and loses puck.
7:08 of 1st period - Minor Penalty to Gabriel Beaupre for Holding.
7:09 of 1st period - Sean Collins wins face-off versus Eric O'Dell in Devils zone.
7:51 of 1st period - Matt Carkner is hit by Maxime Macenauer and loses puck.
8:10 of 1st period - Snap shot by Maxime Macenauer.
8:10 of 1st period - Shot Misses the Net.
8:35 of 1st period - Brandon Burlon is hit by Zach O'Brien and loses puck.
8:42 of 1st period - Matt Carkner is hit by Ben Youds and loses puck.
9:08 of 1st period - Penalty to Gabriel Beaupre is over, Gabriel Beaupre is back on ice.
9:28 of 1st period - Chris Wideman is hit by Kevin Henderson and loses puck.
9:56 of 1st period - Zach O'Brien is hit by Zachery Davies and loses puck.
11:22 of 1st period - Wrist shot by Maxime Macenauer.
11:22 of 1st period - Stopped by Devan Dubnyk with a rebound.
11:48 of 1st period - Slapshot by Eric O'Dell.
11:48 of 1st period - Stopped by Devan Dubnyk with a rebound.
11:50 of 1st period - Snap shot by Eric O'Dell.
11:50 of 1st period - Shot Misses the Net.
11:52 of 1st period - Slapshot by Guy Leboeuf.
11:52 of 1st period - Shot Misses the Net.
12:44 of 1st period - Snap shot by Sean Collins.
12:44 of 1st period - Stopped by John Gibson with a rebound.
12:46 of 1st period - Wrist shot by Darroll Powe.
12:46 of 1st period - Shot Blocked by Harry Young.
13:01 of 1st period - Slapshot by Yanni Gourde.
13:01 of 1st period - Stopped by John Gibson with a rebound.
13:03 of 1st period - Slapshot by Matt Carkner.
13:03 of 1st period - Stopped by John Gibson with a rebound.
13:05 of 1st period - Slapshot by Matt Carkner.
13:05 of 1st period - Shot Blocked by Harry Young.
13:07 of 1st period - Slapshot by Matt Carkner.
13:07 of 1st period - Shot Misses the Net.
13:09 of 1st period - Snap shot by Gabriel Beaupre.
13:09 of 1st period - Shot Misses the Net.
14:22 of 1st period - Backhand shot by Tyler Brown.
14:22 of 1st period - Stopped by Devan Dubnyk without a rebound.
14:23 of 1st period - Maxime Macenauer wins face-off versus Darroll Powe in Devils zone.
14:40 of 1st period - Chris Wideman is hit by Brandon Burlon and loses puck.
15:42 of 1st period - Snap shot by Tyler Brown.
15:42 of 1st period - Stopped by Devan Dubnyk with a rebound.
15:44 of 1st period - Snap shot by Tyler Brown.
15:44 of 1st period - Stopped by Devan Dubnyk with a rebound.
15:56 of 1st period - Theo Peckham is hit by Tyler Brown and loses puck.
17:24 of 1st period - Sergey Andronov is hit by Brandon Burlon and loses puck.
17:52 of 1st period - Icing by Harry Young.
17:53 of 1st period - Tyler Brown wins face-off versus Theo Peckham in Bears zone.
Goals for this period are 0 for Devils vs 0 for Bears.
Shots for this period are 5 for Devils vs 8 for Bears.

2nd period


0:01 of 2nd period - Brendan Shinnimin wins face-off versus Eric O'Dell in neutral zone.
1:03 of 2nd period - Backhand shot by Brad Mills.
1:03 of 2nd period - Shot Blocked by Matt Carkner.
1:05 of 2nd period - Slapshot by Stefan Matteau.
1:05 of 2nd period - Shot Misses the Net.
1:07 of 2nd period - Wrist shot by Stefan Matteau.
1:07 of 2nd period - Stopped by Devan Dubnyk with a rebound.
1:09 of 2nd period - Slapshot by Ben Youds.
1:09 of 2nd period - Deflect By Brad Mills.
1:09 of 2nd period - Shot Blocked by Zach O'Brien.
1:09 of 2nd period - Puck is out of play.
1:10 of 2nd period - Tyler Brown wins face-off versus Jordan Martinook in Devils zone.
1:27 of 2nd period - Wrist shot by Tyler Brown.
1:27 of 2nd period - Stopped by Devan Dubnyk with a rebound.
1:29 of 2nd period - Snap shot by David Dziurzynski.
1:29 of 2nd period - Goal by David Dziurzynski - Devils : 0 - Bears : 1.
1:30 of 2nd period - Patrice Cormier wins face-off versus Zach O'Brien in neutral zone.
1:35 of 2nd period - Sean Collins is hit by Brandon Burlon and loses puck.
2:22 of 2nd period - Brad Mills and Matt Carkner fight to a draw.
2:22 of 2nd period - Penalty to Brad Mills for Fighting.
2:22 of 2nd period - Penalty to Matt Carkner for Fighting.
2:22 of 2nd period - Penalty to Matt Carkner for instigated a fight.
2:22 of 2nd period - Penalty to Matt Carkner for instigated a fight.
2:23 of 2nd period - Eric O'Dell wins face-off versus Sean Collins in neutral zone.
2:30 of 2nd period - Snap shot by Patrice Cormier.
2:30 of 2nd period - Shot Misses the Net.
2:32 of 2nd period - Snap shot by Mark Cundari.
2:32 of 2nd period - Shot Blocked by Colin Miller.
2:34 of 2nd period - Slapshot by Mark Cundari.
2:34 of 2nd period - Deflect By Chris Wideman.
2:34 of 2nd period - Stopped by Devan Dubnyk with a rebound.
2:51 of 2nd period - Snap shot by Patrice Cormier.
2:51 of 2nd period - Deflect By Eric O'Dell.
2:51 of 2nd period - Stopped by Devan Dubnyk with a rebound.
2:53 of 2nd period - Wrist shot by Patrice Cormier.
2:53 of 2nd period - Shot Blocked by Chris Wideman.
3:11 of 2nd period - Pascal Pelletier is hit by Kevin Henderson and loses puck.
4:22 of 2nd period - Penalty to Matt Carkner is over, Darroll Powe is send on ice.
4:29 of 2nd period - Kevin Henderson is hit by Jordan Martinook and loses puck.
4:44 of 2nd period - Stefan Matteau is hit by Darren Archibald and loses puck.
5:01 of 2nd period - Snap shot by Zach O'Brien.
5:01 of 2nd period - Shot Blocked by Zachery Davies.
5:01 of 2nd period - Zachery Davies from Bears is injured at 5:01 of 2nd period (Right Ankle).
5:02 of 2nd period - Eric O'Dell wins face-off versus Jordan Martinook in Bears zone.
5:23 of 2nd period - Wrist shot by Jordan Martinook.
5:23 of 2nd period - Shot Misses the Net.
5:24 of 2nd period - Guy Leboeuf and Jordan Martinook fight to a draw.
5:24 of 2nd period - Penalty to Guy Leboeuf for Fighting.
5:24 of 2nd period - Penalty to Jordan Martinook for Fighting.
5:24 of 2nd period - Penalty to Jordan Martinook for instigated a fight.
5:24 of 2nd period - Penalty to Jordan Martinook for instigated a fight.
5:25 of 2nd period - Sean Collins wins face-off versus Eric O'Dell in Bears zone.
5:28 of 2nd period - Snap shot by Brendan Shinnimin.
5:28 of 2nd period - Shot Blocked by Mark Cundari.
6:16 of 2nd period - Minor Penalty to Harry Young for Holding.
6:17 of 2nd period - Patrice Cormier wins face-off versus Sean Collins in Bears zone.
6:26 of 2nd period - Wrist shot by Darren Archibald.
6:26 of 2nd period - Shot Blocked by Brandon Burlon.
6:57 of 2nd period - Darren Archibald is hit by Stefan Matteau and loses puck.
7:22 of 2nd period - Penalty to Brad Mills is over, Brad Mills is back on ice.
7:22 of 2nd period - Penalty to Matt Carkner is over, Matthew Ford is send on ice.
7:23 of 2nd period - Icing by Darroll Powe.
7:24 of 2nd period - Darroll Powe wins face-off versus Tyler Shattock in Devils zone.
7:28 of 2nd period - Off-side.
7:29 of 2nd period - Tyler Shattock wins face-off versus Pascal Pelletier in neutral zone.
8:10 of 2nd period - Mark Cundari is hit by Colin Miller and loses puck.
8:16 of 2nd period - Penalty to Harry Young is over, Harry Young is back on ice.
8:23 of 2nd period - Snap shot by Pascal Pelletier.
8:23 of 2nd period - Stopped by John Gibson with a rebound.
8:25 of 2nd period - Wrist shot by Brendan Shinnimin.
8:25 of 2nd period - Shot Blocked by Mark Cundari.
8:27 of 2nd period - Slapshot by Scooter Vaughan.
8:27 of 2nd period - Deflect By Tyler Shattock.
8:27 of 2nd period - Stopped by John Gibson with a rebound.
8:29 of 2nd period - Wrist shot by Gabriel Beaupre.
8:29 of 2nd period - Shot Misses the Net.
8:31 of 2nd period - Snap shot by Pascal Pelletier.
8:31 of 2nd period - Deflect By Brendan Shinnimin.
8:31 of 2nd period - Stopped by John Gibson with a rebound.
8:33 of 2nd period - Slapshot by Gabriel Beaupre.
8:33 of 2nd period - Deflect By Pascal Pelletier.
8:33 of 2nd period - Stopped by John Gibson with a rebound.
8:35 of 2nd period - Slapshot by Gabriel Beaupre.
8:35 of 2nd period - Deflect By Pascal Pelletier.
8:35 of 2nd period - Shot Blocked by Brandon Burlon.
8:35 of 2nd period - Puck is out of play.
8:36 of 2nd period - Patrice Cormier wins face-off versus Brendan Shinnimin in Bears zone.
8:40 of 2nd period - Off-side.
8:41 of 2nd period - Kevin Henderson wins face-off versus Darroll Powe in neutral zone.
8:44 of 2nd period - Snap shot by Patrice Cormier.
8:44 of 2nd period - Shot Blocked by Brendan Shinnimin.
8:50 of 2nd period - Wrist shot by Patrice Cormier.
8:50 of 2nd period - Shot Misses the Net.
9:26 of 2nd period - Wrist shot by Stefan Matteau.
9:26 of 2nd period - Stopped by Devan Dubnyk with a rebound.
9:44 of 2nd period - Snap shot by Eric O'Dell.
9:44 of 2nd period - Stopped by Devan Dubnyk with a rebound.
10:32 of 2nd period - Snap shot by Zach O'Brien.
10:32 of 2nd period - Shot Misses the Net.
11:05 of 2nd period - Slapshot by Kevin Henderson.
11:05 of 2nd period - Stopped by Devan Dubnyk with a rebound.
11:28 of 2nd period - Gabriel Beaupre is hit by Tyler Brown and loses puck.
11:59 of 2nd period - Slapshot by Scooter Vaughan.
11:59 of 2nd period - Shot Misses the Net.
12:01 of 2nd period - Slapshot by Scooter Vaughan.
12:01 of 2nd period - Shot Misses the Net.
13:35 of 2nd period - Icing by Brendan Shinnimin.
13:36 of 2nd period - Maxime Macenauer wins face-off versus Brendan Shinnimin in Devils zone.
13:49 of 2nd period - David Dziurzynski is hit by Sean Collins and loses puck.
14:00 of 2nd period - David Dziurzynski is hit by Sean Collins and loses puck.
14:25 of 2nd period - Wrist shot by Brad Mills.
14:25 of 2nd period - Shot Misses the Net.
14:27 of 2nd period - Slapshot by Brandon Burlon.
14:27 of 2nd period - Deflect By Yanni Gourde.
14:27 of 2nd period - Stopped by Devan Dubnyk without a rebound.
14:28 of 2nd period - Brendan Shinnimin wins face-off versus Maxime Macenauer in Devils zone.
14:39 of 2nd period - Brandon Burlon is hit by Brendan Shinnimin and loses puck.
14:59 of 2nd period - Icing by Guy Leboeuf.
15:00 of 2nd period - Zach O'Brien wins face-off versus Eric O'Dell in Bears zone.
15:09 of 2nd period - Wrist shot by Pascal Pelletier.
15:09 of 2nd period - Stopped by John Gibson with a rebound.
15:35 of 2nd period - Tyler Shattock is hit by Colin Miller and loses puck.
16:20 of 2nd period - Zach O'Brien is hit by Brad Mills and loses puck.
16:29 of 2nd period - Wrist shot by Brad Mills.
16:29 of 2nd period - Shot Blocked by Chris Wideman.
16:31 of 2nd period - Slapshot by Ben Youds.
16:31 of 2nd period - Shot Misses the Net.
16:33 of 2nd period - Snap shot by Kevin Henderson.
16:33 of 2nd period - Stopped by Devan Dubnyk with a rebound.
16:35 of 2nd period - Snap shot by Brad Mills.
16:35 of 2nd period - Shot Misses the Net.
16:37 of 2nd period - Slapshot by Ben Youds.
16:37 of 2nd period - Shot Blocked by Sergey Andronov.
16:51 of 2nd period - Snap shot by David Dziurzynski.
16:51 of 2nd period - Stopped by Devan Dubnyk with a rebound.
16:53 of 2nd period - Wrist shot by Ben Youds.
16:53 of 2nd period - Stopped by Devan Dubnyk without a rebound.
16:54 of 2nd period - Darroll Powe wins face-off versus Tyler Brown in Devils zone.
17:22 of 2nd period - 10 Minutes Misconduct Penalty to Matt Carkner is over.
17:27 of 2nd period - Wrist shot by Pascal Pelletier.
17:27 of 2nd period - Shot Misses the Net.
17:29 of 2nd period - Backhand shot by Pascal Pelletier.
17:29 of 2nd period - Shot Misses the Net.
17:31 of 2nd period - Backhand shot by Darren Archibald.
17:31 of 2nd period - Stopped by John Gibson with a rebound.
17:33 of 2nd period - Slapshot by Matthew Ford.
17:33 of 2nd period - Goal by Matthew Ford - Devils : 1 - Bears : 1.
17:34 of 2nd period - Tyler Brown wins face-off versus Darroll Powe in neutral zone.
18:09 of 2nd period - Snap shot by Patrice Cormier.
18:09 of 2nd period - Stopped by Devan Dubnyk without a rebound.
18:10 of 2nd period - Patrice Cormier wins face-off versus Darroll Powe in Devils zone.
18:39 of 2nd period - Snap shot by Zach O'Brien.
18:39 of 2nd period - Stopped by John Gibson without a rebound.
18:40 of 2nd period - Maxime Macenauer wins face-off versus Zach O'Brien in Bears zone.
18:40 of 2nd period - Maxime Macenauer is hit by Matt Carkner.
19:12 of 2nd period - Darren Archibald is hit by Eric O'Dell and loses puck.
19:33 of 2nd period - Snap shot by Tyler Brown.
19:33 of 2nd period - Shot Blocked by Matt Carkner.
Goals for this period are 1 for Devils vs 1 for Bears.
Shots for this period are 8 for Devils vs 13 for Bears.

3rd period


0:01 of 3rd period - Eric O'Dell wins face-off versus Zach O'Brien in neutral zone.
0:24 of 3rd period - 10 Minutes Misconduct Penalty to Jordan Martinook is over.
0:25 of 3rd period - Icing by Darroll Powe.
0:26 of 3rd period - Maxime Macenauer wins face-off versus Zach O'Brien in Devils zone.
1:17 of 3rd period - Scooter Vaughan is hit by Tyler Shattock and loses puck.
1:32 of 3rd period - Pascal Pelletier is hit by Eric O'Dell.
1:36 of 3rd period - Snap shot by Matt Carkner.
1:36 of 3rd period - Shot Misses the Net.
1:38 of 3rd period - Snap shot by Pascal Pelletier.
1:38 of 3rd period - Shot Blocked by Eric O'Dell.
1:40 of 3rd period - Slapshot by Matt Carkner.
1:40 of 3rd period - Stopped by John Gibson with a rebound.
2:00 of 3rd period - Snap shot by Matt Carkner.
2:00 of 3rd period - Shot Misses the Net.
2:02 of 3rd period - Wrist shot by Gabriel Beaupre.
2:02 of 3rd period - Shot Blocked by Patrice Cormier.
2:04 of 3rd period - Slapshot by Matt Carkner.
2:04 of 3rd period - Stopped by John Gibson with a rebound.
2:30 of 3rd period - Snap shot by David Dziurzynski.
2:30 of 3rd period - Shot Misses the Net.
2:32 of 3rd period - Slapshot by Brandon Burlon.
2:32 of 3rd period - Stopped by Devan Dubnyk without a rebound.
2:33 of 3rd period - Zach O'Brien wins face-off versus Tyler Brown in Devils zone.
3:10 of 3rd period - Scooter Vaughan is hit by Sebastian Stalberg.
3:14 of 3rd period - Brandon Burlon is hit by Darroll Powe and loses puck.
3:38 of 3rd period - Snap shot by Darren Archibald.
3:38 of 3rd period - Stopped by John Gibson with a rebound.
3:52 of 3rd period - Slapshot by Matt Carkner.
3:52 of 3rd period - Shot Blocked by Brandon Burlon.
4:12 of 3rd period - Maxime Macenauer is hit by Pascal Pelletier and loses puck.
4:42 of 3rd period - Slapshot by Tyler Brown.
4:42 of 3rd period - Stopped by Devan Dubnyk without a rebound.
4:43 of 3rd period - Tyler Brown wins face-off versus Brendan Shinnimin in Devils zone.
5:26 of 3rd period - Maxime Macenauer is hit by Chris Wideman and loses puck.
5:47 of 3rd period - Tyler Shattock is hit by Matt Carkner and loses puck.
5:53 of 3rd period - Off-side.
5:54 of 3rd period - Zach O'Brien wins face-off versus Eric O'Dell in neutral zone.
5:59 of 3rd period - Snap shot by Zach O'Brien.
5:59 of 3rd period - Shot Misses the Net.
6:33 of 3rd period - Snap shot by Pascal Pelletier.
6:33 of 3rd period - Stopped by John Gibson without a rebound.
6:34 of 3rd period - Maxime Macenauer wins face-off versus Brendan Shinnimin in Bears zone.
6:51 of 3rd period - Wrist shot by Maxime Macenauer.
6:51 of 3rd period - Shot Blocked by Pascal Pelletier.
6:53 of 3rd period - Slapshot by Ben Youds.
6:53 of 3rd period - Stopped by Devan Dubnyk without a rebound.
6:54 of 3rd period - Zach O'Brien wins face-off versus Maxime Macenauer in Devils zone.
7:42 of 3rd period - David Dziurzynski is hit by Sean Collins and loses puck.
7:53 of 3rd period - Wrist shot by Matt Carkner.
7:53 of 3rd period - Stopped by John Gibson with a rebound.
7:55 of 3rd period - Slapshot by Matt Carkner.
7:55 of 3rd period - Shot Blocked by Brandon Burlon.
8:05 of 3rd period - Snap shot by Darren Archibald.
8:05 of 3rd period - Shot Misses the Net.
8:23 of 3rd period - Wrist shot by Brad Mills.
8:23 of 3rd period - Shot Misses the Net.
8:25 of 3rd period - Backhand shot by Guy Leboeuf.
8:25 of 3rd period - Stopped by Devan Dubnyk with a rebound.
8:27 of 3rd period - Slapshot by Mark Cundari.
8:27 of 3rd period - Deflect By Brad Mills.
8:27 of 3rd period - Stopped by Devan Dubnyk with a rebound.
9:01 of 3rd period - Tyler Shattock is hit by Matt Carkner and loses puck.
9:54 of 3rd period - Sergey Andronov is hit by Kevin Henderson and loses puck.
10:58 of 3rd period - Off-side.
10:59 of 3rd period - Brendan Shinnimin wins face-off versus Kevin Henderson in neutral zone.
11:19 of 3rd period - Snap shot by Sergey Andronov.
11:19 of 3rd period - Shot Blocked by David Dziurzynski.
11:48 of 3rd period - Snap shot by Jordan Martinook.
11:48 of 3rd period - Stopped by John Gibson without a rebound.
11:49 of 3rd period - Brendan Shinnimin wins face-off versus Eric O'Dell in Bears zone.
11:57 of 3rd period - Darroll Powe is hit by Tyler Shattock and loses puck.
12:38 of 3rd period - Zach O'Brien is hit by Stefan Matteau.
12:39 of 3rd period - Icing by Zach O'Brien.
12:40 of 3rd period - Zach O'Brien wins face-off versus Maxime Macenauer in Devils zone.
12:45 of 3rd period - Stefan Matteau is hit by Matthew Ford and loses puck.
13:02 of 3rd period - Ben Youds is hit by Brendan Shinnimin and loses puck.
13:09 of 3rd period - Harry Young is hit by Chris Wideman and loses puck.
14:12 of 3rd period - Chris Wideman is hit by David Dziurzynski and loses puck.
14:37 of 3rd period - Wrist shot by Darren Archibald.
14:37 of 3rd period - Shot Hit the Post.
14:39 of 3rd period - Slapshot by Matt Carkner.
14:39 of 3rd period - Shot Blocked by Tyler Shattock.
14:45 of 3rd period - Slapshot by Jordan Martinook.
14:45 of 3rd period - Stopped by John Gibson without a rebound.
14:46 of 3rd period - Tyler Brown wins face-off versus Darren Archibald in Bears zone.
16:04 of 3rd period - Icing by Tyler Shattock.
16:05 of 3rd period - Tyler Brown wins face-off versus Brendan Shinnimin in Bears zone.
16:05 of 3rd period - Tyler Brown is hit by Matt Carkner.
16:52 of 3rd period - Matthew Ford is hit by Eric O'Dell and loses puck.
17:18 of 3rd period - Scooter Vaughan is hit by Maxime Macenauer and loses puck.
18:10 of 3rd period - Pascal Pelletier is hit by David Dziurzynski and loses puck.
18:19 of 3rd period - Brandon Burlon is hit by Pascal Pelletier and loses puck.
18:36 of 3rd period - Slapshot by Brendan Shinnimin.
18:36 of 3rd period - Deflect By Yanni Gourde.
18:36 of 3rd period - Stopped by John Gibson with a rebound.
18:38 of 3rd period - Slapshot by Braden Lamb.
18:38 of 3rd period - Shot Blocked by Kevin Henderson.
18:40 of 3rd period - Snap shot by Brendan Shinnimin.
18:40 of 3rd period - Shot Misses the Net.
18:42 of 3rd period - Slapshot by Braden Lamb.
18:42 of 3rd period - Stopped by John Gibson with a rebound.
19:25 of 3rd period - Mark Cundari is hit by Colin Miller and loses puck.
19:59 of 3rd period - Zach O'Brien is hit by Tyler Brown and loses puck.
Goals for this period are 0 for Devils vs 0 for Bears.
Shots for this period are 9 for Devils vs 5 for Bears.

Overtime #1


0:01 of 1st overtime period - Patrice Cormier wins face-off versus Sean Collins in neutral zone.
0:52 of 1st overtime period - Sean Collins is hit by Patrice Cormier and loses puck.
0:57 of 1st overtime period - Snap shot by Patrice Cormier.
0:57 of 1st overtime period - Deflect By Chris Wideman.
0:57 of 1st overtime period - Stopped by Devan Dubnyk without a rebound.
0:58 of 1st overtime period - Patrice Cormier wins face-off versus Sean Collins in Devils zone.
1:28 of 1st overtime period - Off-side.
1:29 of 1st overtime period - Patrice Cormier wins face-off versus Sean Collins in neutral zone.
1:41 of 1st overtime period - Snap shot by Patrice Cormier.
1:41 of 1st overtime period - Stopped by Devan Dubnyk with a rebound.
1:59 of 1st overtime period - Kevin Henderson is hit by Darren Archibald and loses puck.
2:16 of 1st overtime period - Off-side.
2:17 of 1st overtime period - Kevin Henderson wins face-off versus Sean Collins in neutral zone.
2:24 of 1st overtime period - Wrist shot by David Dziurzynski.
2:24 of 1st overtime period - Shot Blocked by Jordan Martinook.
2:26 of 1st overtime period - Slapshot by Brandon Burlon.
2:26 of 1st overtime period - Stopped by Devan Dubnyk with a rebound.
2:46 of 1st overtime period - Brendan Shinnimin is hit by Ben Youds and loses puck.
3:01 of 1st overtime period - Off-side.
3:02 of 1st overtime period - Patrice Cormier wins face-off versus Darren Archibald in neutral zone.
3:05 of 1st overtime period - Snap shot by Stefan Matteau.
3:05 of 1st overtime period - Shot Misses the Net.
3:07 of 1st overtime period - Snap shot by Stefan Matteau.
3:07 of 1st overtime period - Shot Misses the Net.
3:59 of 1st overtime period - Ben Youds is hit by Sean Collins and loses puck.
4:43 of 1st overtime period - Pascal Pelletier is hit by Maxime Macenauer and loses puck.
Goals for this period are 0 for Devils vs 0 for Bears.
Shots for this period are 0 for Devils vs 3 for Bears.

ShootOut


5:00 of 1st overtime period - Penalty Shot by Sean Collins for Devils.
5:00 of 1st overtime period - Backhand shot by Sean Collins.
5:00 of 1st overtime period - Shot Misses the Net.
5:00 of 1st overtime period - Penalty Shot by David Dziurzynski for Bears.
5:00 of 1st overtime period - Snap shot by David Dziurzynski.
5:00 of 1st overtime period - Stopped by Devan Dubnyk.
5:00 of 1st overtime period - Penalty Shot by Darren Archibald for Devils.
5:00 of 1st overtime period - Deke by Darren Archibald.
5:00 of 1st overtime period - Stopped by John Gibson.
5:00 of 1st overtime period - Penalty Shot by Stefan Matteau for Bears.
5:00 of 1st overtime period - Snap shot by Stefan Matteau.
5:00 of 1st overtime period - Goal by Stefan Matteau.
5:00 of 1st overtime period - Penalty Shot by Brendan Shinnimin for Devils.
5:00 of 1st overtime period - Deke by Brendan Shinnimin.
5:00 of 1st overtime period - Stopped by John Gibson.


Output by the SimonT Hockey Simulator (STHS) for Eric Dolegowski -- Original Page W3C XHTML 1.0 Valid
Hockey Simulator - Hockey Simulation - Hockey Manager